 Dungeon Crawl Stone Soup version 0.30-a0-840-ga523dec638 (webtiles) character file.

Game seed: 2049484634185086414

88 demibob the Twirler (level 4, 0/33 HPs)
             Began as a Demonspawn Gladiator on Mar 2, 2023.
             Slain by Sigmund
             ... wielding a +0 scythe
              (10 damage)
             ... on level 2 of the Dungeon.
             The game lasted 00:01:28 (1122 turns).

demibob the Twirler (Demonspawn Gladiator)          Turns: 1122, Time: 00:01:29

Health: 0/33       AC:  4    Str: 11 (14) XL:     4   Next: 29%
Magic:  4/4        EV: 14    Int: 11 (12) God:
Gold:   77         SH:  0    Dex: 13 (14) Spells: 3/3 levels left

rFire   . . .      SeeInvis .    a - +0 quarterstaff
rCold   . . .      Faith    .    (shield currently unavailable)
rNeg    . . .      Spirit   .    b - +0 leather armour
rPois   .          Reflect  .    c - +0 helmet
rElec   .          Harm     .    (no cloak)
rCorr   .          Rampage  .    (no gloves)
Will    .....                    (no boots)
Stlth   +                        (no amulet)
HPRegen 0.25/turn                (no ring)
MPRegen 0.09/turn                (no ring)

@: flying
A: repulsion field 1, demonic touch 1
a: no special abilities


You were on level 2 of the Dungeon.
You visited 1 branch of the dungeon, and saw 2 of its levels.

You collected 77 gold pieces.


Innate Abilities, Weirdness & Mutations

You are surrounded by a mild repulsion field. (EV +2)
Your touch may inflict minor irresistible damage on your foes.


   Skills:
 - Level 2.0 Fighting
 + Level 4.7 Staves
 - Level 1.7 Throwing
 - Level 2.6 Dodging


You had 3 spell levels left.
You didn't know any spells.
Your spell library was empty.

Inventory:

Hand Weapons
 a - a +0 quarterstaff (weapon)
Missiles
 d - 2 throwing nets (quivered) {=f}
 e - 7 javelins
Armour
 b - a +0 leather armour (worn)
 c - a +0 helmet (worn)
Scrolls
 f - a scroll of vulnerability {unknown}
 g - 2 scrolls of identify {unknown}
 h - a scroll of blinking {unknown}
 m - a scroll of noise {unknown}
 n - a scroll of enchant armour {unknown}

Dungeon Overview and Level Annotations

Branches:
Dungeon (2/15)

Altars:
Qazlal

Annotations:
D:2 Sigmund, Terence

#...... ##.....#
##.#....
#......#####..#####
#...⚑.. #....## #
#....) #.#### #....
#.# # ..{ ##.# ##
#@# ##..# ##.
#@####..## #..
#.##...#########.#
#>##.####.........
#....# #.........
###### #.........
#...).....
#.........
#.........
#.........


You could see Terence.


Message History

You feel weakened.
You feel dopey.
You feel clumsy. The ball python barely misses you. x2
You closely miss the ball python. Something hits you!
The ball python completely misses you. The ball python barely misses you.
You sock the ball python!
You kill the ball python!
Something completely misses you.
You hit Terence.
Terence is moderately wounded.
Terence closely misses you.
You hit Terence.
Terence is moderately wounded.
Something hits you but does no damage. Terence hits you with a +0 hand axe.
You hit Terence but do no damage.
Terence is moderately wounded.
Terence hits you with a +0 hand axe. Something barely misses you.
You barely miss Terence.
Terence is moderately wounded.
Terence hits you with a +0 hand axe.
You hit Terence but do no damage.
Terence is moderately wounded.
Terence zaps a wand.
The puff of flame misses you. Something hits you!
* * * LOW HITPOINT WARNING * * *
You are too injured to fight recklessly!
You are too injured to fight recklessly!
You are too injured to fight recklessly!
You hit Terence but do no damage.
Terence is moderately wounded.
Terence hits you but does no damage. Something hits you!
You die...

Skill      XL: |  1  2  3 |
---------------+----------+-----
Staves         | 3 4 |  4.7
Fighting       | |  2.0
Throwing       | |  1.7
Dodging        | |  2.6

Action                     |  1- 3 |  4- 6 || total
---------------------------+-------+-------++-------
  Melee: Quarterstaff      |   118 |    15 ||   133
  Throw: Throwing net      |       |     1 ||     1
    Use: Potion            |       |     4 ||     4
   Stab: Sleeping          |     2 |       ||     2
 Armour: Leather armour    |    31 |     3 ||    34
  Dodge: Dodged            |    91 |    13 ||   104

Levels and vault maps discovered:
D:1:      minmay_arrival_four_loops, layout_loops_ring
D:2:      layout_rooms, serial_shops, nicolae_shop_statue_plus, basic_altar,
          chequers_decorated_corner, uniq_jessica, uniq_terence, uniq_robin,
          uniq_sigmund

Notes
Turn   | Place    | Note
-------+----------+-------------------------------------------
     0 | D:1      | demibob the Demonspawn Gladiator began the quest for the
                  | Orb.
     0 | D:1      | Reached XP level 1. HP: 16/16 MP: 1/1
    69 | D:1      | Reached skill level 3 in Staves
    96 | D:1      | Gained mutation: Your touch may inflict minor irresistible
                  | damage on your foes. [demonic ancestry]
    96 | D:1      | Reached XP level 2. HP: 19/22 MP: 2/2
   389 | D:1      | Gained mutation: You are surrounded by a mild repulsion
                  | field. (EV +2) [demonic ancestry]
   389 | D:1      | Reached XP level 3. HP: 27/27 MP: 3/3
   774 | D:2      | Reached skill level 4 in Staves
   966 | D:2      | Noticed Jessica
   977 | D:2      | Killed Jessica
   978 | D:2      | Reached XP level 4. HP: 32/33 MP: 4/4
  1106 | D:2      | Noticed Terence
  1107 | D:2      | Found a stormy altar of Qazlal.
  1110 | D:2      | Noticed Sigmund
  1122 | D:2      | Slain by Sigmund

Vanquished Creatures
  Jessica (D:2)
  An adder (D:2)
  5 dart slugs
  4 endoplasms
  3 giant cockroaches (D:1)
  5 goblins
  A hobgoblin (D:1)
  2 jackals (D:2)
  A quokka (D:2)
  2 ball pythons
  2 bats
  5 frilled lizards
  3 kobolds (D:1)
  8 rats
43 creatures vanquished.

Table legend: (Time is in decaauts)
 A = Elapsed time spent in this place.
 B = Non-inter-level travel time spent in this place.
 C = Inter-level travel time spent in this place.
 D = Time resting spent in this place.
 E = Time spent auto-exploring this place.
 F = Levels seen in this place.
 G = Mean time per level.
                   A        B        C        D        E       F      G
               +--------+--------+--------+--------+--------+-----+--------+
         Total |   1142 |   1103 |     39 |     39 |    792 |   2 |  571.0 |
       Dungeon |   1142 |   1103 |     39 |     39 |    792 |   2 |  571.0 |
               +--------+--------+--------+--------+--------+-----+--------+

Top non-repeatable levels by time:
     D:1: 726 daAuts
     D:2: 415 daAuts

Table legend:
 A = Non-vault XP
 B = Vault XP
 C = Vault XP percentage of total XP
 D = Non-vault monster count
 E = Vault monster count
 F = Vault count percentage of total count
                 A         B        C        D         E       F
            +---------+---------+-------+---------+---------+-------
      Total |      89 |      37 |  29.4 |      42 |       1 |   2.3
            +---------+---------+-------+---------+---------+-------
        D:1 |      44 |       0 |   0.0 |      26 |       0 |   0.0
        D:2 |      45 |      37 |  45.1 |      16 |       1 |   5.9
            +---------+---------+-------+---------+---------+-------
